Monk Dude, lawful male human Monk ----------- |...*.....| |..MMM....| |!..@<....| |........+| |..*......| ----------- Monk Dude the Initiate Experience level: 7 Strength: 15 Dexterity: 12 Constitution: 13 Intelligence: 7 Wisdom: 15 Charisma: 13 Health: 0(61) Energy: 39(39) Def: 12 Gold: 1260 Moves: 4148 Dungeon seed: WOnGqI1aSDY9Tv9- Game ID: Monk Dude_1554728014 Your Inventory: Coins $ - 1260 gold pieces Weapons k - a +0 dwarvish mattock Armor e - an uncursed +2 pair of leather gloves (being worn) n - an uncursed +1 robe (being worn) q - a blessed +2 orcish helm (being worn) r - an uncursed +0 pair of iron shoes N - an uncursed +2 pair of speed boots (being worn) Comestibles d - 2 uncursed food rations f - 6 uncursed apples h - 6 uncursed fortune cookies Scrolls b - an uncursed scroll of teleportation s - a cursed scroll of destroy armor named Cursed u - a cursed scroll of taming v - a cursed scroll of magic mapping C - 2 cursed scrolls of create monster D - 2 cursed scrolls of enchant weapon F - 2 uncursed scrolls of light I - 2 uncursed scrolls of confuse monster M - an uncursed scroll of amnesia Q - a cursed scroll of teleportation Spellbooks a - a blessed spellbook of sleep Potions c - an uncursed potion of healing j - a cursed potion of oil l - an uncursed potion of hallucination m - an uncursed potion of object detection w - a cursed potion of speed x - a cursed potion of hallucination z - a cursed potion of healing A - a cursed potion of levitation B - a cursed potion of see invisible G - an uncursed potion of water J - a potion of unholy water L - an uncursed potion of booze P - a blessed potion of monster detection Wands y - a wand of digging (0:0) E - a wand of digging (0:4) H - a cursed wand of striking (0:0) K - a cursed wand of cancellation (0:3) Tools i - a magic marker (0:86) t - an uncursed tin whistle W - an uncursed skeleton key Y - a magic marker (0:79) Spells and supernatural/magical abilities: Name Level Category Fail Memory z - sleep 1 enchantment 0% 80% W - pray for help -- divine ? -- Your skills at the end: Fighting Skills martial arts [Basic] Weapon Skills Spellcasting Skills healing spells [Basic] Final Attributes: You were piously aligned. You were sleep resistant. You were poison resistant. You saw invisible. You were warned. You were stealthy. You were very fast. You are dead. Vanquished creatures: a ghost a wolf a giant spider a gnome king a human zombie a Woodland-elf a bugbear a water nymph a pony a shrieker 7 gnome lords a gnomish wizard a kobold mummy a little dog 2 dwarves 4 hill orcs a centipede a giant bat 2 wererats an iguana an acid blob 2 coyotes 3 hobbits 6 giant rats 4 cave spiders a brown mold 2 green molds 48 gnomes 5 garter snakes 2 gnome zombies 2 geckos 3 jackals a kobold 3 goblins a sewer rat 6 grid bugs a lichen 3 newts 125 creatures vanquished. Voluntary challenges: You followed a strict vegan diet. You never hit with a wielded weapon. You read items or engraved 5 times, starting on turn 589. You never genocided any monsters. You never polymorphed an object. You never changed form. You used no wishes. You never split a pudding. You never wrote Elbereth's name. You violated your moral code, losing 32 points of alignment, starting on turn 1349. Dungeon overview: The Dungeons of Doom: levels 1 to 5 Level 1 a long staircase Level 2 a general store, an altar to Chih Sung-tzu stairs to The Gnomish Mines Level 3 Level 4 an altar to Huan Ti Level 5 many fountains The Gnomish Mines: levels 3 to 10 Level 3 stairs to The Dungeons of Doom Level 4 Level 5 Level 6 some shops, a temple to Chih Sung-tzu, some fountains Level 7 Level 8 Level 9 Level 10 <- You were here History has recorded: On T:1 you entered the Dungeons of Doom to retrieve the Amulet of Yendor! On T:239 you reached level 2 of The Dungeons of Doom. On T:438 you advanced to experience level 2. On T:499 you reached level 3 of The Dungeons of Doom. On T:675 you reached level 4 of The Dungeons of Doom. On T:949 you reached level 5 of The Dungeons of Doom. On T:976 you advanced to experience level 3. On T:1265 you advanced to experience level 4. On T:2295 you reached level 1 of The Gnomish Mines. On T:2332 you advanced to experience level 5. On T:2684 you reached level 2 of The Gnomish Mines. On T:2833 you advanced to experience level 6. On T:3142 you reached level 3 of The Gnomish Mines. On T:3462 you reached level 4 of The Gnomish Mines. On T:3706 you reached level 5 of The Gnomish Mines. On T:3857 you reached level 6 of The Gnomish Mines. On T:3865 you advanced to experience level 7. On T:4016 you reached level 7 of The Gnomish Mines. On T:4143 you reached level 8 of The Gnomish Mines. Score breakdown: Gold: 1260 (10547 points) Experience: 7 levels (13645 points) Exploration: 10 levels ( 20.41%) (12990 points) Discoveries: 12 items ( 4.29%) ( 6210 points) Valuables value: (no points given unless you survive) Artifact value: 0 ( 0 points) Variety of kills: 38 monsters ( 9.97%) ( 9474 points) Turncount: 4148 turns (-1078 points) Survival: died (score multiplied by 80%) Total score: 41430 Latest messages: The gnome wields a dagger! You kill the gnome! You see here 5 daggers. You hit the hill orc. You kill the hill orc! There are a few objects here. You destroy the gnome zombie! You hit the giant mummy! (2x) The giant mummy hits! (2x) The dwarf mummy hits! You miss the giant mummy. The giant mummy hits! (2x) You hit the giant mummy. You hit the giant mummy! The giant mummy hits! (2x) The dwarf mummy hits! You hit the giant mummy! You miss the giant mummy. The giant mummy hits! (2x) The dwarf mummy hits! The giant mummy hits! You die... Final status: Goodbye Monk Dude the Monk, killed by a giant mummy... You died in The Gnomish Mines on dungeon level 10 with 41430 points, and 1260 pieces of gold, after 4148 moves. You were level 7 with a maximum of 61 hit points when you died.